 Dungeon Crawl Stone Soup version 0.23.2-40-g277498a (webtiles) character file.

Game seed: 9718437871521731563

2468 Ilten the Chopper (level 9, 0/68 HPs)
             Began as a Demonspawn Abyssal Knight on Sept 23, 2019.
             Was a Priest of Lugonu.
             Killed from afar by an orc wizard (39 damage)
             ... with an exploding inner flame
             ... hexed by the player character
             ... on level 8 of the Dungeon on Sept 27, 2019.
             The game lasted 00:54:36 (10885 turns).

Ilten the Chopper (Demonspawn Abyssal Knight)      Turns: 10885, Time: 00:54:39

Health: 0/68       AC: 19    Str: 14    XL:     9   Next: 26%
Magic:  11/11      EV:  4    Int: 16    God:    Lugonu [***...]
Gold:   227        SH:  4    Dex: 16    Spells: 8/8 levels left

rFire    . . .     SeeInvis .   c - +2 hand axe (elec)
rCold    + . .     Gourm    .   A - +0 buckler
rNeg     . . .     Faith    .   k - +1 plate armour
rPois    .         Spirit   .   (helmet restricted)
rElec    +         Reflect  .   (no cloak)
rCorr    .         Harm     .   y - +2 pair of gloves
MR       +....                  (no boots)
Stlth    ..........             (no amulet)
HPRegen  0.21/turn              l - ring of protection from cold
MPRegen  0.12/turn              v - +4 ring of dexterity

@: no status effects
A: horns 2, icy blue scales 1, clever 1, clumsy 1, magic resistance 1,
nightstalker 1, powered by pain 1, electricity resistance
a: Depart the Abyss, Bend Space, Banish, Renounce Religion


You were on level 8 of the Dungeon.
You worshipped Lugonu.
Lugonu was most pleased with you.
You were not hungry.

You visited 1 branch of the dungeon, and saw 8 of its levels.
You visited the Abyss 1 time.

You collected 441 gold pieces.
You spent 214 gold pieces at shops.

Inventory:

Hand Weapons
 c - a +2 hand axe of electrocution (weapon)
 f - a +0 hunting sling
 u - a +2 dagger of venom
Missiles
 g - 142 stones (quivered)
Armour
 d - a +1 leather armour
 j - a +0 ring mail
 k - a +1 plate armour (worn)
 y - a +2 pair of gloves (worn)
 A - a +0 buckler (worn)
Jewellery
 l - a ring of protection from cold (left hand)
 v - a +4 ring of dexterity (right hand)
 B - an uncursed ring of protection from cold
Wands
 b - a wand of flame (24)
 q - a wand of acid (1)
 t - a wand of random effects (4)
 D - a wand of enslavement (4)
 F - a wand of digging (3)
Scrolls
 a - a scroll of random uselessness {unknown}
 m - a scroll of magic mapping {unknown}
 n - a scroll of enchant armour
 s - 4 scrolls of remove curse
 w - a scroll of blinking
 x - a scroll of fear {unknown}
 z - 2 scrolls of identify
 E - a scroll of fog
Potions
 e - a potion of curing
 h - a potion of brilliance {unknown}
 i - a potion of flight
 r - 2 potions of cancellation {unknown}
 C - a potion of magic {unknown}
Comestibles
 o - 4 rations


   Skills:
 + Level 5.4 Fighting
   Level 3.2 Long Blades
 + Level 7.0 Axes
 + Level 6.4 Armour
 + Level 2.0 Dodging
 + Level 2.8 Stealth
 + Level 0.1 Shields
 + Level 2.8 Invocations
 + Level 1.3 Evocations


You had 8 spell levels left.
You didn't know any spells.
Your spell library was empty.

Dungeon Overview and Level Annotations

Branches:
Dungeon (8/15)             Temple (0/1) D:7
   Lair: D:8-11

Altars:
Dithmenos
Uskayaw

Shops:
D:4 *


Innate Abilities, Weirdness & Mutations

You have a pair of horns on your head.
You are partially covered in icy blue scales. (AC +2)
You are slightly more attuned to the shadows.
You sometimes gain a little power by taking damage.
Your mind is acute. (Int +2)
You are clumsy. (Dex -2)
You are resistant to hostile enchantments. (MR+)
You are resistant to electric shocks. (rElec)


Message History

The orc wizard is moderately wounded.
The orc wizard miscasts a cantrip.
You completely miss the orc wizard.
The orc wizard is moderately wounded.
You block the orc wizard's attack.
The orc priest calls down the wrath of Beogh upon you.
Beogh smites you!
You hit the orc wizard.
Lightning courses through the orc wizard!
The orc wizard explodes!
The fiery explosion engulfs the orc wizard!!
The orc wizard explodes!
The fiery explosion engulfs the orc priest!!
The orc priest explodes!
The fiery explosion engulfs the worker ant!!!
The worker ant explodes!
Lugonu accepts your kill. x3
The fiery explosion engulfs you!!!
Ouch! That really hurt!
You die...

#......#
#..........
#......#
#..........
###o####
#.#######..
#§# #.# #..
#§# #.# #..
##+#+####
#§# #.# ##.
........##
#§# #.# #.
.......^..
#§# #.# #.
........##
#@# #.
##........
#.# #.
##..########
#.# #.
........†..#
#.# #.
##<.######.#
#.# #.
.#.......#.#
#.# #.
##...###.#.#
#># #.
##...# #.#
#.# ##
.....# #.#
#.#


You could see an orc (inner flame).

Vanquished Creatures
  Eustachio (D:4)
  A water moccasin (D:8)
  2 ice beasts (D:5)
  2 orc warriors (D:7)
  An ogre (D:4)
  A phantom (D:2)
  2 centaurs
  3 bullfrogs
  A gnoll sergeant (D:8)
  A scorpion (D:4)
  3 howler monkeys
  2 crimson imps
  4 hounds
  A bullfrog zombie (D:6)
  2 jellies
  4 orc priests
  A bullfrog skeleton (D:5)
  4 orc wizards
  3 iguanas
  6 worker ants
  A hound zombie (D:6)
  3 hound skeletons
  6 gnolls (D:8)
  9 adders
  A shadow imp (D:5)
  2 oozes
  An adder skeleton (D:4)
  4 worms
  2 dart slugs
  6 leopard geckos
  19 orcs
  3 giant cockroaches
  5 goblins
  8 hobgoblins
  5 jackals
  5 quokkas
  5 bats
  6 frilled lizards
  7 kobolds
  A quokka skeleton (D:4)
  15 rats
159 creatures vanquished.

Vanquished Creatures (others)
  An orc (D:7)
1 creature vanquished.

Grand Total: 160 creatures vanquished

Notes
Turn   | Place    | Note
-------+----------+-------------------------------------------
     0 | Abyss:1  | Ilten the Demonspawn Abyssal Knight began the quest for the
                  | Orb.
     0 | Abyss:1  | Reached XP level 1. HP: 18/18 MP: 2/2
    10 | D:1      | Escaped the Abyss
   191 | D:1      | Reached * piety under Lugonu
   526 | D:1      | Gained mutation: You have a pair of small horns on your
                  | head. [demonic ancestry]
   526 | D:1      | Reached XP level 2. HP: 18/24 MP: 3/3
   970 | D:1      | Reached skill level 1 in Dodging
  1192 | D:1      | Reached XP level 3. HP: 26/29 MP: 4/4
  1916 | D:2      | Reached XP level 4. HP: 14/37 MP: 5/5
  2143 | D:2      | Found a hide-covered altar of Uskayaw.
  2146 | D:2      | Noticed a phantom
  2167 | D:2      | Killed a phantom
  2167 | D:2      | Gained mutation: You are partially covered in icy blue
                  | scales. (AC +2) [demonic ancestry]
  2167 | D:2      | Reached XP level 5. HP: 35/42 MP: 6/6
  2659 | D:3      | Reached skill level 1 in Axes
  2974 | D:3      | Reached ** piety under Lugonu
  3411 | D:3      | Found a shadowy altar of Dithmenos.
  3887 | D:4      | Gained mutation: You are clumsy. (Dex -2) [potion of
                  | mutation]
  3887 | D:4      | Gained mutation: You are resistant to electric shocks.
                  | (rElec) [potion of mutation]
  3887 | D:4      | Gained mutation: Your mind is acute. (Int +2) [potion of
                  | mutation]
  3887 | D:4      | Gained mutation: You are resistant to hostile enchantments.
                  | (MR+) [potion of mutation]
  3920 | D:4      | Noticed an ogre
  3924 | D:4      | Killed an ogre
  3924 | D:4      | Reached skill level 2 in Axes
  3924 | D:4      | Gained mutation: You have a pair of horns on your head.
                  | [demonic ancestry]
  3924 | D:4      | Reached XP level 6. HP: 48/48 MP: 7/7
  4021 | D:4      | Noticed Eustachio
  4073 | D:4      | Killed Eustachio
  4073 | D:4      | Reached skill level 3 in Axes
  4073 | D:4      | Reached XP level 7. HP: 31/55 MP: 6/8
  4354 | D:4      | Found Irributa's General Store.
  4911 | D:4      | Bought a ration for 55 gold pieces
  4911 | D:4      | Bought a scroll of identify for 22 gold pieces
  4911 | D:4      | Bought a scroll of remove curse for 33 gold pieces
  4911 | D:4      | Bought a scroll of identify for 22 gold pieces
  4911 | D:4      | Bought a scroll of enchant weapon for 82 gold pieces
  5428 | D:5      | Entered Level 5 of the Dungeon
  5587 | D:5      | Reached skill level 4 in Axes
  6113 | D:5      | Reached skill level 5 in Armour
  6193 | D:5      | Gained mutation: You sometimes gain a little power by
                  | taking damage. [demonic ancestry]
  6193 | D:5      | Reached XP level 8. HP: 61/61 MP: 10/10
  6569 | D:5      | Reached skill level 1 in Stealth
  6820 | D:5      | Reached skill level 5 in Axes
  6964 | D:5      | Reached *** piety under Lugonu
  7388 | D:6      | Reached skill level 5 in Fighting
  8102 | D:6      | Reached skill level 6 in Axes
  9033 | D:7      | Reached skill level 1 in Evocations
  9038 | D:7      | HP: 3/62 [orc warrior/+0 war axe (17)]
  9059 | D:7      | HP: 3/62 [orc warrior/+0 war axe (14)]
  9401 | D:7      | Found a staircase to the Ecumenical Temple.
 10095 | D:8      | Gained mutation: You are slightly more attuned to the
                  | shadows. [demonic ancestry]
 10095 | D:8      | Reached XP level 9. HP: 68/68 MP: 11/11
 10341 | D:8      | Reached skill level 7 in Axes
 10885 | D:8      | Killed from afar by an orc wizard

Skill      XL: |  1  2  3  4  5  6  7  8  9 |
---------------+----------------------------+-----
Long Blades    | 2 3 |  3.2
Armour         | 2 3 4 5 6 |  6.4
Dodging        | 1 2 |  2.0
Fighting       | 4 5 |  5.4
Axes           | 2 3 4 6 7 |  7.0
Stealth        | 2 |  2.8
Evocations     | 1 |  1.3
Shields        | |  0.1
Invocations    | |  2.8

Action                   |  1- 3 |  4- 6 |  7- 9 || total
-------------------------+-------+-------+-------++-------
Melee: Falchion          |   122 |       |       ||   122
       Headbutt          |     9 |    20 |    38 ||    67
       Hand axe          |    32 |   184 |   315 ||   531
Invok: Depart the Abyss  |     1 |       |       ||     1
       Bend Space        |       |     1 |     1 ||     2
Evoke: Wand              |       |     2 |     7 ||     9
  Use: Scroll            |     3 |     5 |    13 ||    21
       Potion            |     2 |     2 |     4 ||     8
 Stab: Invisible         |       |       |     2 ||     2
  Eat: Ration            |     1 |       |     6 ||     7
       Chunk             |       |     7 |     4 ||    11
Armor: Leather armour    |     8 |    44 |       ||    52
       Ring mail         |    23 |       |       ||    23
       Plate armour      |    83 |   198 |   244 ||   525
Dodge: Dodged            |    69 |   117 |    78 ||   264
Block: Buckler           |       |       |    10 ||    10
       Rpst.: Falchion   |    22 |       |       ||    22
